 Dungeon Crawl Stone Soup version 0.21.1-1-g345015f (webtiles) character file.

72 letownia3 the Conjurer (level 4, -6/30 HPs)
             Began as a Demonspawn Wizard on Feb 5, 2018.
             Killed by nerve-wracking pain
             ... invoked by Grinder
              (10 damage)
             ... on level 3 of the Dungeon.
             The game lasted 00:04:47 (1939 turns).

letownia3 the Conjurer (Demonspawn Wizard)          Turns: 1939, Time: 00:04:48

Health: -6/30      AC:  5    Str:  9    XL:     4   Next: 6%
Magic:  4/8        EV: 11    Int: 19    God:
Gold:   82         SH:  0    Dex: 11    Spells: 2/9 levels left

rFire    . . .     SeeInvis .   l - +0 dagger
rCold    . . .     Gourm    .   (no shield)
rNeg     . . .     Faith    .   k - +0 leather armour (curse)
rPois    .         Spirit   .   b - +0 hat
rElec    .         Reflect  .   (no cloak)
rCorr    .         Harm     .   (no gloves)
MR       .....                  (no boots)
Stlth    ++........             (no amulet)
HPRegen  0.10/turn              e - ring of flight
MPRegen  0.11/turn              m - ring of stealth

@: no status effects
A: slimy green scales 1, powered by death 1
a: Evoke Flight


You were on level 3 of the Dungeon.
You were not hungry.

You visited 1 branch of the dungeon, and saw 3 of its levels.

You collected 82 gold pieces.

Inventory:

Hand Weapons
 l - a +0 dagger (weapon)
Armour
 a - a +0 robe
 b - a +0 hat (worn)
 f - a cursed +0 shield
 k - a cursed +0 leather armour (worn)
Jewellery
 e - a ring of flight (left hand)
 i - an uncursed ring of ice
 m - a ring of stealth (right hand)
Scrolls
 g - a scroll of enchant armour {unknown}
 j - 2 scrolls of identify
Potions
 h - 4 potions of curing {unknown}
 n - a potion of brilliance {unknown}
 o - a potion of haste
Books
 c - a book of Minor Magic

   Spells                             Type                      Level
   a - Magic Dart                     Conjuration                  1
   b - Blink                          Translocation                2
   c - Call Imp                       Summoning                    2
   d - Slow                           Hexes                        2
   e - Conjure Flame                  Conjuration/Fire             3
   f - Mephitic Cloud                 Conjuration/Poison/Air       3
Comestibles
 d - a ration
 p - a chunk of flesh


   Skills:
 - Level 1.7 Dodging
 - Level 1.7 Stealth
 - Level 3.0 Spellcasting
 - Level 3.1 Conjurations
   Level 1.0 Summonings
   Level 0.8 Translocations
 + Level 0.9 Fire Magic
 + Level 1.0 Air Magic
 + Level 1.1 Poison Magic


You had 2 spell levels left.
You knew the following spells:

 Your Spells              Type           Power        Failure   Level  Hunger
a - Magic Dart            Conj           ##..         6%          1    None
c - Conjure Flame         Conj/Fire      ##......     28%         3    ###....
e - Mephitic Cloud        Conj/Pois/Air  #.......     30%         3    ###....


Dungeon Overview and Level Annotations

Branches:
Dungeon (3/15)

Altars:
Nemelex Xobeh
Trog

Annotations:
D:3 Grinder


Innate Abilities, Weirdness & Mutations

You are partially covered in slimy green scales. (AC +2)
You regenerate a little health from kills.


Message History

Grinder hits you.
You writhe in agony.
Grinder says, "There's only one good use for a tongue: cutting it out."
Grinder hits you.
* * * LOW HITPOINT WARNING * * *
You writhe in agony.
* * * LOW HITPOINT WARNING * * *
You can move again.
Unknown command.
Unknown command.
Casting: Magic Dart
Confirm with . or Enter, or press ? or * to list all spells.
Aiming: Magic Dart
Press: ? - help, Shift-Dir - straight line, f/p - Grinder
Aim: Grinder (lightly wounded)
The magic dart hits Grinder.
Grinder is lightly wounded.
Grinder says, "DUCK!"
Grinder gestures at you. Pain shoots through your body!
You die...

.....†...
#........
#........
#........
##########........
#.................
#.##########....<.
#5# #....###.....
#@# #...... ######
#.# ....... #.#
....#..
#.##...###.
#......#y#.
####...###.
....#.. .......
#......


You could see Grinder.

Vanquished Creatures
  A gnoll (D:1)
  An adder (D:2)
  A dart slug (D:3)
  A leopard gecko (D:2)
  2 giant cockroaches
  4 goblins
  8 hobgoblins
  9 jackals
  8 bats
  5 frilled lizards
  2 kobolds (D:2)
  3 rats
45 creatures vanquished.

Notes
Turn   | Place    | Note
-------+----------+-------------------------------------------
     0 | D:1      | letownia3 the Demonspawn Wizard began the quest for the Orb.
     0 | D:1      | Reached XP level 1. HP: 13/13 MP: 4/4
   368 | D:1      | Gained mutation: You regenerate a little health from kills. [demonic ancestry]
   368 | D:1      | Reached XP level 2. HP: 11/19 MP: 0/6
  1031 | D:1      | Reached XP level 3. HP: 18/24 MP: 2/7
  1053 | D:1      | Learned a level 3 spell: Mephitic Cloud
  1057 | D:1      | Learned a level 3 spell: Conjure Flame
  1375 | D:2      | Found a sparkling altar of Nemelex Xobeh.
  1435 | D:2      | Found a bloodstained altar of Trog.
  1666 | D:2      | Reached skill level 1 in Poison Magic
  1835 | D:3      | Gained mutation: You are partially covered in slimy green scales. (AC +2) [demonic ancestry]
  1835 | D:3      | Reached XP level 4. HP: 30/30 MP: 3/8
  1837 | D:3      | Noticed Grinder
  1861 | D:3      | Reached skill level 1 in Air Magic
  1907 | D:3      | Noticed a moth of wrath
  1928 | D:3      | Paralysed by Grinder for 3 turns
  1935 | D:3      | Paralysed by Grinder for 4 turns
  1939 | D:3      | Killed from afar by Grinder

Skill      XL: |  1  2  3  4 |
---------------+-------------+-----
Conjurations   | 2 3 |  3.1
Poison Magic   | 1 |  1.1
Air Magic      | 1 |  1.0
Dodging        | |  1.7
Stealth        | |  1.7
Spellcasting   | |  3.0
Summonings     | |  1.0
Translocations | |  0.8
Fire Magic     | |  0.9

Action                   |  1- 3 |  4- 6 || total
-------------------------+-------+-------++-------
Melee: Unarmed           |    21 |       ||    21
       Dagger            |    57 |     9 ||    66
 Cast: Magic Dart        |    84 |     9 ||    93
  Use: Scroll            |       |     1 ||     1
  Eat: Chunk             |     3 |       ||     3
Armor: Robe              |     3 |       ||     3
       Leather armour    |    35 |     4 ||    39
Dodge: Dodged            |    99 |     5 ||   104
